 Dungeon Crawl Stone Soup version 0.31-a0-431-g88bdf31460 (webtiles) character file.

Game seed: 1009925842947083465

3857 Hubris850 the Mimic (level 10, -2/65 HPs)
             Began as a Merfolk Shapeshifter on July 31, 2023.
             Was a Believer of Qazlal.
             Slain by a +1 spectral quarterstaff (16 damage)
             ... created by Joseph
             ... on level 8 of the Dungeon.
             The game lasted 00:19:05 (6001 turns).

Hubris850 the Mimic (Merfolk Shapeshifter)          Turns: 6001, Time: 00:19:07

Health: -2/65      AC:  8    Str: 22    XL:     10   Next: 18%
Magic:  10/10      EV: 12    Int: 11    God:    Qazlal [**....]
Gold:   713        SH:  3    Dex: 17    Spells: 9/9 levels left

rFire   + . .        p - +7 mace of the Nexus {speed, rPois Str+5 Dex+3}
rCold   + . .        (no shield)
rNeg    . . .        h - +3 ring mail
rPois   +            o - melded +0 helmet
rElec   +            (cloak currently unavailable)
rCorr   +            (gloves currently unavailable)
SInv    .            (boots currently unavailable)
Will    .....        (no amulet)
Stlth   +            (no ring)
HPRegen 0.30/turn    (no ring)
MPRegen 0.12/turn

%: no passive effects
@: mighty, beast-form, resistant
A: beast (slay +7), (nimble swimmer 2), mertail
a: Begin Untransformation, Renounce Religion, Upheaval


You were on level 8 of the Dungeon.
You worshipped Qazlal.
Qazlal was pleased with you.
You were a hulking beast.
You visited 2 branches of the dungeon, and saw 9 of its levels.
You also visited: Ossuary.

You collected 713 gold pieces.

Inventory:

Hand Weapons
 i - a +0 arbalest
 p - the +7 mace of the Nexus (weapon) {speed, rPois Str+5 Dex+3}
   (You found it on level 2 of the Dungeon)

   Str:       It affects your strength (+5).
   Dex:       It affects your dexterity (+3).
   rPois:     It protects you from poison.
 F - a +4 trident
Missiles
 q - 12 javelins
 r - 7 curare-tipped darts
 t - 8 poisoned darts
 J - 4 boomerangs (quivered)
Armour
 a - a +0 animal skin
 e - a +0 ring mail
 h - a +3 ring mail (worn)
 o - a +0 helmet (melded)
 D - a +0 buckler
 I - a +0 kite shield
Jewellery
 w - a ring of ice
Talismans
 c - a beast talisman (active)
 N - a maw talisman
Wands
 v - a wand of mindburst (18)
 z - a wand of charming (18)
 G - a wand of flame (19)
 H - a wand of roots (13)
Scrolls
 d - 2 scrolls of torment
 f - 2 scrolls of fear {unknown}
 g - 2 scrolls of enchant armour {unknown}
 j - a scroll of summoning {unknown}
 l - 2 scrolls of blinking {unknown}
 x - a scroll of enchant weapon {unknown}
 y - 4 scrolls of teleportation
 C - a scroll of revelation {unknown}
 L - a scroll of vulnerability {unknown}
 P - a scroll of noise {unknown}
Potions
 b - a potion of lignification
 k - a potion of brilliance
 m - a potion of enlightenment
 s - a potion of curing
 u - 3 potions of mutation
 A - a potion of haste {unknown}
 E - a potion of berserk rage {unknown}
 K - 4 potions of heal wounds
 M - a potion of resistance
 O - a potion of degeneration {unknown}
 Q - a potion of ambrosia {unknown}
 R - a potion of cancellation {unknown}


   Skills:
 - Level 1.1 Fighting
 - Level 4.0 Maces & Flails
 - Level 4.0 Throwing
 - Level 3.0 Armour
 - Level 3.5 Dodging
 + Level 10.0 Unarmed Combat
 - Level 10.0 Shapeshifting


You had 9 spell levels left.
You didn't know any spells.
Your spell library contained the following spells:

 Spells                   Type           Power      Damage    Failure   Level
 Magic Dart               Conj           0%         1d3       50%         1
 Scorch                   Fire           0%         2d5       63%         2
 Searing Ray              Conj           0%         2d4       63%         2
 Dazzling Flash           Conj/Hex       0%         N/A       86%         3
 Tukima's Dance           Hex            0%         N/A       86%         3
 Flame Wave               Conj/Fire      0%         2d4       99%         4
 Fulminant Prism          Conj/Hex       0%         3d5       99%         4
 Passage of Golubria      Tloc           0%         N/A       99%         4
 Agony                    Necr           0%         N/A       100%        5
 Silence                  Hex/Air        0%         N/A       100%        5
 Yara's Violent Unravell  Hex/Tmut       0%         3d3       100%        5
 Summon Cactus Giant      Summ           0%         N/A       100%        6


Dungeon Overview and Level Annotations

Branches:
Dungeon (8/15)             Temple (1/1) D:5            Lair (0/5) D:8
Ossuary (visited)

Altars:
Ashenzari
Cheibriados
Dithmenos
Elyvilon
Fedhas
Gozag
Hepliaklqana
Kikubaaqudgha
Makhleb
Nemelex Xobeh
Okawaru
Qazlal
Ru
Sif Muna
Trog
Uskayaw
Vehumet
Wu Jian
Xom
Yredelemnul
Zin
The Shining One

Shops:
D:1 :(   D:5 (

Annotations:
D:8 Joseph


Innate Abilities, Weirdness & Mutations

You are a hulking beast.
Your limbs bulge with bestial killing power. (Slay +7)
((You are very nimble when in or above water. (Stealth+, EV+, Speed+++)))
Your lower body shifts to a powerful aquatic tail in water.


Message History

You hear a shout!
You see here a sky beast corpse.
You hear a shout!
You are mighty.
You are a hulking beast.
You are resistant to the elements.
Your movement speed is average.
Your attack delay is about 0.8.
Your damage rating with the +7 mace of the Nexus {speed, rPois Str+5 Dex+3} is about 25 (Base 8 x 130% (Str) x 109% (Skill) + 14 (Ench + Slay)).
Your base attributes are Str 17, Int 11, Dex 14.
You are now empty-handed.
You are mighty.
You are a hulking beast.
You are resistant to the elements.
Your movement speed is average.
Your attack delay is about 0.8.
Your damage rating with unarmed combat is about 22 (Base [3 + 10 (UC)] x 117% (Str) x 101% (Fight) + 7 (Slay)).
You feel stronger.
You feel agile.
Your hands tingle!
p - the +7 mace of the Nexus (weapon)
{speed, rPois Str+5 Dex+3} You hear a shout!
Joseph, a Mercenary comes into view.
He is wielding a +1 spectral quarterstaff.
You hear two shouts!
Joseph unwields a +1 spectral quarterstaff.
Joseph wields a +0 sling.
Joseph shoots a sling bullet.
The sling bullet hits you!
Joseph shoots a sling bullet.
The sling bullet misses you.
Joseph shoots a sling bullet.
The sling bullet hits you!
Joseph unwields a +0 sling.
Joseph wields a +1 spectral quarterstaff.
Joseph barely misses you. The +1 spectral quarterstaff hits you.
A +1 spectral quarterstaff comes into view.
You bludgeon Joseph!!
Joseph is moderately wounded.
The +1 spectral quarterstaff hits you!
Press: ? - help, v - describe, . - travel
Here: a +1 spectral quarterstaff (durably summoned)
The floor.
Unknown command.
You feel mightier all of a sudden.
The +1 spectral quarterstaff hits you. x2
Joseph hits you with a +1 spectral quarterstaff!
* * * LOW HITPOINT WARNING * * *
The +1 spectral quarterstaff hits you but does no damage.
The +1 spectral quarterstaff hits you!
You die...

####### #...........
......# ###...........
##.##.### .............
....<...#.###...........
###..##.#.(..◎.........
.....##+#..#..........
###.......###..#§§#
#......##.##..§.#
#####...##...##§h###
.......##.....##@(.#####
#####.#####'#####.##...
###.............##.#
...................†.+
#########.#...#.#..#.#
#.....#.#.#..#.#
#...#...#.#..#.+
######.#.#.#..###


You could see Joseph and a +1 spectral quarterstaff.

Vanquished Creatures
  A komodo dragon (D:8)
  A troll (D:6)
  A steam dragon (D:7)
  4 orc warriors
  An ice beast (D:8)
  2 sky beasts (D:8)
  2 black bears
  3 ogres
  A centaur (D:7)
  A phantom (D:6)
  A kobold brigand (D:7)
  2 gnoll sergeants
  2 bullfrogs
  3 scorpions
  9 wights
  6 howler monkeys
  A sleepcap (D:6)
  4 hounds
  2 orc priests
  8 iguanas
  2 orc wizards
  9 mummies
  13 gnolls
  7 adders
  A shadow imp (D:7)
  2 white imps
  2 worms
  18 orcs
  4 ball pythons
  6 bats
  7 endoplasms
  3 giant cockroaches
  2 gnoll zombies (Ossuary)
  7 hobgoblins
  3 jackals (D:1)
  3 quokkas
  2 frilled lizards
  A goblin (D:3)
  3 hobgoblin zombies (Ossuary)
  8 kobolds
  A kobold zombie (Ossuary)
  2 orc zombies (Ossuary)
  8 rats (D:1)
169 creatures vanquished.

Notes
Turn   | Place    | Note
-------+----------+-------------------------------------------
     0 | D:1      | Hubris850 the Merfolk Shapeshifter began the quest for the
                  | Orb.
     0 | D:1      | Reached XP level 1. HP: 15/15 MP: 1/1
    57 | D:1      | Found Hunuk's Book Boutique.
   141 | D:1      | Found Zepsodwe's Antique Weapon Boutique.
   171 | D:1      | Reached XP level 2. HP: 21/21 MP: 2/2
   600 | D:2      | Reached XP level 3. HP: 21/26 MP: 3/3
   734 | D:2      | Identified the +7 mace of the Nexus {speed, rPois Str+5
                  | Dex+3}
   835 | D:2      | Found Mischelyd's Assorted Antiques.
  1035 | D:2      | Reached skill level 1 in Armour
  1087 | D:3      | Reached XP level 4. HP: 32/32 MP: 4/4
  1141 | D:3      | Noticed an ogre
  1144 | D:3      | Killed an ogre
  1145 | D:3      | Reached skill level 1 in Maces & Flails
  1145 | D:3      | Reached XP level 5. HP: 37/37 MP: 5/5
  1222 | D:3      | Reached skill level 5 in Shapeshifting
  1807 | D:3      | Found a sacrificial altar of Ru.
  1807 | D:3      | Found a bloodstained altar of Trog.
  1807 | D:3      | Found a burning altar of Makhleb.
  2109 | D:4      | Reached skill level 1 in Throwing
  2109 | D:4      | Reached XP level 6. HP: 34/43 MP: 6/6
  2564 | D:5      | Entered Level 5 of the Dungeon
  2564 | D:5      | Noticed a black bear
  2570 | D:4      | Killed a black bear
  2585 | D:5      | Reached XP level 7. HP: 48/48 MP: 7/7
  2669 | D:5      | Reached skill level 5 in Unarmed Combat
  2864 | D:5      | Found a staircase to the Ecumenical Temple.
  2873 | Temple   | Entered the Ecumenical Temple
  2882 | Temple   | Became a worshipper of Qazlal Stormbringer
  3039 | D:5      | Found Jiju's Weapon Shop.
  3283 | D:6      | Reached XP level 8. HP: 27/54 MP: 8/8
  3750 | D:6      | Noticed a troll
  3754 | D:6      | Reached * piety under Qazlal
  3761 | D:6      | Killed a troll
  3845 | D:6      | Reached XP level 9. HP: 57/59 MP: 9/9
  4875 | D:7      | Reached ** piety under Qazlal
  5407 | D:8      | Reached XP level 10. HP: 14/65 MP: 10/10
  5624 | D:8      | Found a sand-covered staircase.
  5696 | D:8      | Found a staircase to the Lair.
  5701 | D:8      | Reached skill level 10 in Shapeshifting
  5722 | Ossuary  | Entered an ossuary
  5984 | D:8      | Reached skill level 10 in Unarmed Combat
  5992 | D:8      | Noticed Joseph
  6001 | D:8      | Slain by a +1 spectral quarterstaff

Illustrated notes

Levels and vault maps discovered:
D:1:      eino_arrival_cavern_d, layout_rooms, serial_shops,
          nicolae_shop_rolling_square, shop, minmay_misc_feat_square,
          minmay_rat_gold_closets
D:2:      layout_rooms, serial_shops, nicolae_shop_dealshenge,
          minmay_tetromino_o4
D:3:      layout_basic, gammafunk_temple_overflow_claw
D:4:      layout_basic, bh_walls_and_bars
D:5:      layout_rooms, temple_statues, serial_shops, kennysheep_mini_moat,
          nicolae_kite_square_tiling_tiny
D:6:      layout_loops_ring, grunt_ministairs_7, minmay_joined_circles
D:7:      layout_loops_corners, corexii_item_surrounded_by_moat
D:8:      layout_basic, david_lair_shrubbed, gup_ossuary_entry_pyramid,
          kennysheep_generic_room_5, uniq_joseph
Temple:   compressed_dpeg_triangle_lava_temple

Skill      XL: |  1  2  3  4  5  6  7  8  9 10 |
---------------+-------------------------------+-----
Dodging        | 3 |  3.5
Armour         | 1 2 3 |  3.0
Maces & Flails | 1 2 4 |  4.0
Unarmed Combat | 4 5 6 9 10 | 10.0
Shapeshifting  | 5 6 7 9 10 | 10.0
Throwing       | 1 2 4 |  4.0
Fighting       | |  1.1

Action                     |  1- 3 |  4- 6 |  7- 9 | 10-12 || total
---------------------------+-------+-------+-------+-------++-------
  Melee: Unarmed           |    67 |       |    37 |     8 ||   112
         Mace              |    12 |    69 |   192 |    51 ||   324
         Punch             |     2 |     4 |     7 |     2 ||    15
         Maw               |       |       |     1 |       ||     1
  Throw: Javelin           |       |     3 |     3 |       ||     6
         Dart              |       |     3 |    17 |     1 ||    21
         Boomerang         |       |       |     1 |       ||     1
Ability: Begin Untransform |     1 |       |     2 |       ||     3
    Use: Potion            |       |       |     1 |     4 ||     5
         Scroll            |       |       |       |     6 ||     6
 Armour: Ring mail         |    28 |    18 |    46 |     8 ||   100
         Skin              |       |       |     4 |       ||     4
  Dodge: Dodged            |    38 |    35 |    98 |    18 ||   189
  Block: Other             |       |       |     7 |     5 ||    12
   Form: Beast             |     1 |       |     1 |       ||     2
         Maw               |       |       |     1 |       ||     1

Table legend: (Time is in decaauts)
 A = Elapsed time spent in this place.
 B = Non-inter-level travel time spent in this place.
 C = Inter-level travel time spent in this place.
 D = Time resting spent in this place.
 E = Time spent auto-exploring this place.
 F = Levels seen in this place.
 G = Mean time per level.
                   A        B        C        D        E       F      G
               +--------+--------+--------+--------+--------+-----+--------+
         Total |   5923 |   5740 |    183 |    423 |   4021 |  10 |  592.3 |
       Dungeon |   5663 |   5480 |    183 |    415 |   4021 |   8 |  707.9 |
        Temple |     18 |     18 |      0 |      0 |      0 |   1 |   18.0 |
       Ossuary |    241 |    241 |      0 |      8 |      0 |   1 |  241.0 |
               +--------+--------+--------+--------+--------+-----+--------+

Top non-repeatable levels by time:
     D:7: 1108 daAuts
     D:3: 959 daAuts
     D:6: 921 daAuts
     D:5: 658 daAuts
     D:1: 579 daAuts
     D:4: 527 daAuts
     D:2: 494 daAuts
     D:8: 414 daAuts
 Ossuary: 241 daAuts
  Temple: 18 daAuts
